 Dungeon Crawl Stone Soup version 0.27.0-1-g7a089689b8 (webtiles) character file.

Game seed: 14769778815748008304

991 hawla the Sneak (level 7, -2/41 HPs)
             Began as a Deep Elf Delver on Aug 5, 2021.
             Was a Follower of Kikubaaqudgha.
             Succumbed to a water moccasin's poison
             ... on level 5 of the Dungeon.
             The game lasted 00:21:43 (7136 turns).

hawla the Sneak (Deep Elf Delver)                   Turns: 7136, Time: 00:21:44

Health: -2/41      AC:  5    Str:  9    XL:     7   Next: 98%
Magic:  2/13       EV: 17    Int: 17    God:    Kikubaaqudgha [*.....]
Gold:   242        SH:  4    Dex: 16    Spells: 8/12 levels left

rFire    . . .     SeeInvis .   q - +1 short sword (flame)
rCold    + . .     Faith    .   n - +0 buckler
rNeg     . . .     Spirit   .   h - +2 robe {Archmagi}
rPois    .         Reflect  .   (no helmet)
rElec    .         Harm     .   (no cloak)
rCorr    .         Rampage  .   a - +0 pair of gloves
Will     .....     Archmagi +   (no boots)
Stlth    ++++......             (no amulet)
HPRegen  0.13/turn              f - +4 ring of evasion
MPRegen  0.13/turn              j - ring of protection from cold

@: lethally poisoned (-2 -> -17), flying
A: no striking features
a: Renounce Religion, Receive Corpses


You were on level 5 of the Dungeon.
You worshipped Kikubaaqudgha.
Kikubaaqudgha was aware of your devotion.
You visited 2 branches of the dungeon, and saw 7 of its levels.

You collected 242 gold pieces.

Inventory:

Hand Weapons
 e - a +0 rapier
 q - a +1 short sword of flaming (weapon)
Missiles
 b - 34 poisoned darts (quivered)
 i - 7 boomerangs
Armour
 a - a +0 pair of gloves (worn)
 h - a +2 robe of the Archmagi (worn)
 n - a +0 buckler (worn)
Jewellery
 f - a +4 ring of evasion (left hand)
 j - a ring of protection from cold (right hand)
 m - a ring of protection from fire
Wands
 g - a wand of digging (1)
Scrolls
 c - a scroll of fog
 d - a scroll of magic mapping
 k - 2 scrolls of identify
 p - a scroll of amnesia
Potions
 l - a potion of cancellation


   Skills:
 + Level 3.6 Fighting
 + Level 4.5 Short Blades
 + Level 2.4 Throwing
 + Level 5.1 Dodging
 + Level 7.6 Stealth
 + Level 0.4 Shields
 + Level 3.1 Spellcasting
 + Level 2.9 Necromancy
 + Level 2.3 Evocations


You had 8 spell levels left.
You knew the following spells:

 Your Spells              Type           Power      Damage    Failure   Level
a - Pain                  Necr           76%        1d7       8%          1
b - Vampiric Draining     Necr           9%         2d7       24%         3

Your spell library contained the following spells:

 Spells                   Type           Power      Damage    Failure   Level
 Animate Skeleton         Necr           38%        N/A       8%          1
 Sublimation of Blood     Necr           9%         N/A       12%         2
 Corpse Rot               Necr/Air       N/A        N/A       22%         2
 Beastly Appendage        Tmut           8%         N/A       26%         1
 Sandblast                Erth           8%         2d5       26%         1
 Passwall                 Tmut/Erth      3%         N/A       38%         2
 Wereblood                Tmut           4%         N/A       38%         2
 Ozocubu's Armour         Ice            4%         N/A       63%         3
 Spider Form              Tmut/Pois      2%         N/A       63%         3
 Lee's Rapid Deconstruct  Erth           2%         3d5*      100%        5
 Ozocubu's Refrigeration  Ice            2%         4d5       100%        7


Dungeon Overview and Level Annotations

Branches:
Dungeon (6/15)             Temple (1/1) D:5

Altars:
Ashenzari
Elyvilon
Fedhas
Gozag
Hepliaklqana
Kikubaaqudgha
Makhleb
Qazlal
Ru
Sif Muna
Uskayaw
Vehumet
Wu Jian
Xom
Zin

Shops:
D:3 (   D:4 (   D:5 !   D:6 *

Annotations:
D:3 3 runed translucent doors, Terence; ZARRMARR's ghost, amateur DrEE
D:4 Menkaure; Pikel


Message History

You add the spells Sublimation of Blood and Corpse Rot to your library.
The water moccasin completely misses you.
The water moccasin misses you. The water moccasin misses you.
Your magical contamination has completely faded away.
The water moccasin misses you. You block the water moccasin's attack.
The water moccasin closely misses you. The water moccasin bites you.
The water moccasin bites you.
* * * LOW HITPOINT WARNING * * *
The water moccasin bites you but does no damage.
Casting: Pain (safe; 8% risk of failure)
Confirm with . or Enter, or press ? or * to list all spells.
The spell is quite dangerous to cast (24% risk of failure)!
Continue anyway?
Aiming: Vampiric Draining (quite dangerous; 24% risk of failure)
Press: ? - help, Shift-Dir - straight line, f - water moccasin
Aim: a water moccasin (moderately wounded)
You feel a surge of power!
You draw life force from the water moccasin!
You feel life coursing into your body.
The water moccasin completely misses you.
Okay, then.
Okay, then.
Okay, then.
Okay, then.
The water moccasin closely misses you. The water moccasin barely misses you.
The water moccasin bites you but does no damage.
You block the water moccasin's attack. The water moccasin bites you!
* * * LOW HITPOINT WARNING * * *
The water moccasin bites you.
* * * LOW HITPOINT WARNING * * *
You are lethally poisoned!
The water moccasin poisons you!
* * * LOW HITPOINT WARNING * * *
You feel very sick.
You die...
Kikubaaqudgha rasps: "You have failed me!
Welcome... death!"

...........#.# .#########.#.#
.........#.#)# ..[......#.#)#
#######....#.# ...........#.#
#######....#.#
......###....####################
...#..........S.@.......).......>
.......##....#.##################
#.....<.#.......#
.#......#.......#
........#.......#
.[#.....#####...#
.........#####.##
#...........##.###
...#........##...##


You could see a water moccasin.

Vanquished Creatures
  2 water moccasins
  A sky beast (D:5)
  3 ogres (D:5)
  A scorpion (D:5)
  A hound (D:5)
  4 iguanas
  An orc wizard (D:5)
  A killer bee zombie (D:5)
  5 gnolls
  2 adders
  2 shadow imps (D:5)
  2 adder zombies (D:2)
  2 adder skeletons
  A worm (D:2)
  A dart slug (D:2)
  6 orcs
  10 endoplasms
  2 giant cockroaches
  5 goblins
  8 hobgoblins
  3 jackals (D:1)
  3 quokkas (D:2)
  3 ball pythons
  A bat (D:2)
  3 frilled lizards
  2 giant cockroach zombies (D:2)
  A jackal skeleton (D:2)
  8 kobolds
  2 quokka skeletons (D:2)
  2 rats (D:1)
88 creatures vanquished.

Notes
Turn   | Place    | Note
-------+----------+-------------------------------------------
     0 | D:5      | hawla the Deep Elf Delver began the quest for the Orb.
     0 | D:5      | Reached XP level 1. HP: 13/13 MP: 3/3
    70 | D:6      | Noticed a centaur
    89 | D:4      | Found a blossoming altar of Fedhas.
   273 | D:4      | Found an opulent altar of Gozag.
   285 | D:3      | Found Xoga's Weapon Emporium.
   285 | D:3      | Noticed Terence
   441 | D:3      | Noticed ZARRMARR's ghost (amateur DrEE)
   442 | D:3      | Noticed a jelly
   493 | D:3      | Found a runed translucent gate.
   493 | D:3      | Found a runed translucent gate.
   493 | D:3      | Found a runed translucent gate.
   504 | D:2      | Reached XP level 2. HP: 18/18 MP: 4/4
  2133 | D:1      | Reached XP level 3. HP: 22/22 MP: 5/5
  3429 | D:2      | Found a hazy altar of Hepliaklqana.
  3476 | D:2      | Reached XP level 4. HP: 26/27 MP: 6/6
  3490 | D:2      | Found a faded altar of an unknown god.
  3779 | D:2      | Learned a level 1 spell: Pain
  3960 | D:4      | Noticed Menkaure
  4047 | D:5      | Noticed an ogre
  4048 | D:5      | Noticed a sky beast
  4071 | D:5      | Killed an ogre
  4072 | D:5      | Reached skill level 1 in Throwing
  4072 | D:5      | Reached XP level 5. HP: 32/32 MP: 1/8
  4093 | D:5      | Killed a sky beast
  4094 | D:5      | Reached skill level 7 in Stealth
  4094 | D:5      | Reached skill level 1 in Spellcasting
  4094 | D:5      | Reached skill level 1 in Necromancy
  4118 | D:5      | Reached XP level 6. HP: 4/37 MP: 1/10
  4128 | D:5      | Found a staircase to the Ecumenical Temple.
  4134 | Temple   | Entered the Ecumenical Temple
  4139 | Temple   | Learned a level 3 spell: Vampiric Draining
  4585 | Temple   | Became a worshipper of Kikubaaqudgha
  5024 | D:5      | Reached skill level 1 in Evocations
  5146 | D:4      | Reached XP level 7. HP: 41/41 MP: 12/12
  5154 | D:4      | Found Daurit Viyl's Antique Weapon Emporium.
  5294 | D:5      | Found a white marble altar of Elyvilon.
  5297 | D:5      | Found a sacrificial altar of Ru.
  5302 | D:5      | Found an ornate altar of the Wu Jian Council.
  5614 | D:5      | Found Jeidy's Distillery.
  6620 | D:4      | Noticed Pikel
  6797 | D:6      | Reached skill level 5 in Dodging
  6835 | D:6      | Found Orat's Serpentskin Sales.
  7101 | D:5      | Reached * piety under Kikubaaqudgha
  7101 | D:5      | Received a gift from Kikubaaqudgha
  7135 | D:5      | HP: 2/41 [poisoned by a water moccasin]
  7136 | D:5      | Succumbed to a water moccasin's poison

Illustrated notes

Levels and vault maps discovered:
D:1:      nzn_arrival_settlement, layout_loops_ring, grunt_decor_clamped
D:2:      layout_rooms, basic_altar, shapermc_ecumenical_altar_mp_urbaneastern,
          serial_undead, serial_undead_b, serial_undead_e, serial_undead_d,
          serial_undead_f, serial_undead_f, serial_undead_d, serial_undead_e,
          serial_undead_f, minmay_misc_feat_plants, nrook_loot_triangle
D:3:      layout_rooms, nemelex_dance_club_becter, serial_shops, shop,
          gammafunk_ghost_split, uniq_terence
D:4:      kennysheep_goblin_castle, layout_loops_ring,
          nicolae_gozag_seed_capital, mainiacjoe_overflow_brackets,
          serial_shops, nicolae_shop_temple_entry_statues_fountains,
          nicolae_shop_window_shopping, nicolae_shop_stone,
          nicolae_diamond_shop, uniq_menkaure, uniq_pikel
D:5:      layout_basic, grunt_temple_overflow_diamond, temple_green,
          serial_shops, nicolae_diamond_shop, minmay_increasing_density
D:6:      layout_gridville, st_stairs_1, guppyfry_shop_venom,
          uniq_prince_ribbit1
Temple:   grunt_temple_mini_profane

Skill      XL: |  1  2  3  4  5  6  7 |
---------------+----------------------+-----
Dodging        | 3 4 5 |  5.1
Fighting       | 3 |  3.6
Short Blades   | 3 4 |  4.5
Throwing       | 1 2 |  2.4
Stealth        | 7 |  7.6
Spellcasting   | 1 2 3 |  3.1
Necromancy     | 1 2 |  2.9
Evocations     | 1 2 |  2.3
Shields        | |  0.4

Action                   |  1- 3 |  4- 6 |  7- 9 || total
-------------------------+-------+-------+-------++-------
Melee: Rapier            |   122 |       |       ||   122
       Short sword       |    31 |    82 |    42 ||   155
Throw: Boomerang         |     8 |    11 |     3 ||    22
       Dart              |       |    16 |    16 ||    32
 Cast: Pain              |       |    16 |    19 ||    35
       Vampiric Draining |       |     3 |    20 ||    23
Evoke: Wand              |     1 |       |     1 ||     2
  Use: Scroll            |     7 |     2 |       ||     9
       Potion            |     1 |     2 |     3 ||     6
 Stab: Sleeping          |    11 |     1 |       ||    12
Armor: Robe              |    67 |    10 |    12 ||    89
       Skin              |       |    24 |       ||    24
Dodge: Dodged            |   114 |    66 |    93 ||   273
Block: Buckler           |       |       |    10 ||    10
